 Dungeon Sprint DCSS version 0.17-a0-1691-g18a3847 (webtiles) character file.

38198 Kidiri the Unseen (level 12, -9/51 HPs)
             Began as a Spriggan Enchanter on Aug 20, 2015.
             Was the Champion of Dithmenos.
             Mangled by an azure jelly (24 damage)
             ... in the Dungeon (Sprint III: "The Ten Rune Challenge").
             The game lasted 00:22:30 (4229 turns).

Kidiri the Unseen (Spriggan Enchanter)              Turns: 4229, Time: 00:22:30

Health: -9/51      AC:  7    Str:  4    XL:     12   Next: 87%
Magic:  8/33       EV: 35    Int: 19    God:    Dithmenos [******]
Gold:   24         SH:  0    Dex: 19    Spells: 11 memorised, 3 levels left

rFire  . . .     SeeInvis +     a - +2 dagger (freeze)
rCold  . . .     Clarity  .     b - +1 robe
rNeg   . . .     SustAt   .     (shield restricted)
rPois  +         Gourm    .     (helmet restricted)
rElec  .         Spirit   .     (no cloak)
rCorr  .         Warding  .     (gloves unavailable)
rMut   .         NoTele   +     (boots unavailable)
MR     ++...                    (no amulet)
Stlth  ++++++++++               (no ring)
                                (no ring)

@: wreathed by umbra, very quick, very resistant to hostile enchantments,
uncannily stealthy
A: unfitting armour, iridescent scales 1, see invisible, blink 1, herbivore 3,
speed 3, poison resistance, slow metabolism 2, spit poison 1, subdued magic 1
a: Spit Poison, Blink, Shadow Step, Shadow Form, Renounce Religion
}: 1/10 runes: serpentine


You were in the Dungeon.
You worshipped Dithmenos.
Dithmenos was exalted by your worship.
You were not hungry.

You visited 1 branch You collected 24 gold pieces.

Inventory:

Hand weapons
 a - a +2 dagger of freezing (weapon)
Missiles
 t - 10 throwing nets (quivered)
Armour
 b - a +1 robe (worn)
Magical devices
 s - a wand of confusion (16)
Scrolls
 j - a scroll of blinking
 k - a scroll of identify
 n - 2 scrolls of torment
 o - 3 scrolls of remove curse
Potions
 e - 3 potions of curing
 f - a potion of heal wounds
 g - a potion of haste
 h - 2 potions of magic
 i - a potion of berserk rage
 l - a potion of lignification
 m - a potion of might
 p - 4 potions of cure mutation
 r - 2 potions of flight
Books
 c - a book of Unlife

   Spells                             Type                      Level
   a - Recall                         Summoning/Translocation      3
   b - Animate Dead                   Necromancy                   4
   c - Control Undead                 Necromancy                   4
   d - Cigotuvi's Embrace             Necromancy                   5
   e - Death Channel                  Necromancy                   6
   f - Simulacrum                     Ice/Necromancy               6
Comestibles
 d - 6 fruits
 q - 21 royal jellies


   Skills:
 + Level 10.9 Short Blades
 * Level 18.8 Dodging
 * Level 20.3 Stealth
 * Level 16.3 Spellcasting
 + Level 7.1 Conjurations
 + Level 12.2 Hexes
 + Level 7.3 Summonings
 + Level 8.0 Necromancy
 + Level 12.2 Translocations
 + Level 8.1 Ice Magic
 - Level 2.9 Invocations


You had 3 spell levels left.
You knew the following spells:

 Your Spells              Type           Power        Failure   Level  Hunger
a - Corona                Hex            #####..      0%          1    None
b - Ensorcelled Hibernat  Hex/Ice        #####.       0%          2    None
c - Confuse               Hex            #####...     0%          3    None
d - Tukima's Dance        Hex            #####...     0%          3    None
e - Dazzling Spray        Conj/Hex       ####....     1%          3    None
f - Recall                Summ/Tloc      N/A          1%          3    None
g - Animate Dead          Necr           N/A          1%          4    None
h - Control Undead        Necr           ####......   1%          4    None
i - Cigotuvi's Embrace    Necr           ####......   1%          5    ###....
j - Simulacrum            Ice/Necr       ####......   13%         6    #####..
k - Death Channel         Necr           ####......   13%         6    #####..


Dungeon Overview and Level Annotations

Branches:
Dungeon (1/1)

Altars:
Cheibriados
Dithmenos
Elyvilon
Fedhas
Gozag
Kikubaaqudgha
Makhleb
Nemelex Xobeh
Okawaru
Qazlal
Ru
Sif Muna
Trog
Vehumet
Xom
Yredelemnul
Zin
The Shining One
Jiyva
Lugonu

Shops:
D !:[%:(


Innate Abilities, Weirdness & Mutations

You are tiny and cannot use many weapons and most armour.
You have supernaturally acute eyesight.
You are a herbivore.
You cover ground extremely quickly.
You need consume almost no food.
You are partially covered in iridescent scales (AC +4).
You can translocate small distances at will.
Your system is resistant to poisons.
You can spit weak poison.
Your spells are a little easier to cast, but a little less powerful.


Message History

Aim: an azure jelly (severely wounded, umbra)
The spray of energy hits the azure jelly.
The azure jelly is severely wounded.
Your shadow mimicks your spell!
The shadow shard hits the azure jelly.
Casting: Dazzling Spray
Confirm with . or Enter, or press ? or * to list all spells.
Aiming: Dazzling Spray
Press: ? - help, Shift-Dir - straight line, f/p - azure jelly
Aim: an azure jelly (almost dead, umbra)
The spray of energy hits the azure jelly.
The azure jelly is almost dead.
The azure jelly completely misses you. x3
The azure jelly misses you.
Unknown command.
You open the door. The azure jelly completely misses you.
The azure jelly hits you.
* * * LOW HITPOINT WARNING * * *
The azure jelly freezes you!!
You die...

▓.................#__
▓▓▓▓▓▓▓▓▓▓▓▓▓▓▓▓▓▓▓▓▓
+≈≈≈≈§§§≈≈♣♣....
#≈≈≈§§§≈≈≈♣♣.≈≈≈
#≈≈≈≈§§≈≈.≈'....
#≈≈.§≈.≈≈≈♣♣♣♣♣♣
#≈≈≈≈.≈.≈≈♣
▓##+####.#######♣
▓..@JJ......)...♣♣
▓#'#############'♣
▓...#≈..J.J§J§§§§♣
▓...'≈≈...########♣♣
▓...#≈≈≈.........PP♣
▓...#≈≈≈≈P..PP....P♣
#+#############'####
#.ZZ.. #.Z...


You could see 2 azure jellies.

Vanquished Creatures
  Rupert (D)
  An azure jelly (D)
  Maud (D)
  Erolcha (D)
  A naga warrior (D)
  4 anacondas (D)
  2 hydras (D)
  4 death yaks (D)
  A spriggan druid (D)
  A death drake (D)
  A lindwurm (D)
  5 black mambas (D)
  2 spiny frogs (D)
  A fire drake (D)
  A komodo dragon (D)
  3 wandering mushrooms (D)
  A deep elf priest (D)
  A queen bee (D)
  2 trapdoor spiders (D)
  8 blink frogs (D)
  4 redbacks (D)
  A shadow (D)
  2 spriggans (D)
  2 hill giants (D)
  A spatial vortex (D)
  5 water moccasins (D)
  2 nagas (D)
  A swamp drake (D)
  A necrophage (D)
  2 brain worms (D)
  3 two-headed ogres (D)
  A water elemental (D)
  A scorpion (D)
  32 killer bees (D)
  An electric eel (D)
  A jelly (D)
  A necromancer (D)
  Jessica (D)
  A wizard (D)
  A kobold demonologist (D)
  3 humans (D)
  3 adders (D)
  A swamp drake simulacrum (D)
  3 rats (D)
  4 ballistomycetes (D)
  2 plants (D)
122 creatures vanquished.

Vanquished Creatures (collateral kills)
  A greater naga (D)
  An ice dragon (D)
  A guardian serpent (D)
  An adder (D)
  A swamp drake simulacrum (D)
5 creatures vanquished.

Vanquished Creatures (others)
  2 draconian scorchers (D)
  Nessos (D)
  A yaktaur (D)
  A giant spore (D)
  4 plants (D)
9 creatures vanquished.

Grand Total: 136 creatures vanquished

Notes
Turn   | Place    | Note
--------------------------------------------------------------
     0 | D        | Kidiri the Spriggan Enchanter began the quest for the Orb.
     0 | D        | Reached XP level 1. HP: 9/9 MP: 5/5
    19 | D        | Noticed Jessica
    25 | D        | Killed Jessica
    25 | D        | Reached skill level 5 in Dodging
    25 | D        | Reached skill level 6 in Stealth
    25 | D        | Reached XP level 2. HP: 13/13 MP: 6/8
    29 | D        | Learned a level 2 spell: Ensorcelled Hibernation
    74 | D        | Reached skill level 7 in Stealth
    74 | D        | Reached XP level 3. HP: 11/16 MP: 6/10
   137 | D        | Killed a yaktaur
   174 | D        | Learned a level 3 spell: Confuse
   178 | D        | Learned a level 3 spell: Tukima's Dance
   184 | D        | Noticed a scorpion
   205 | D        | Killed a scorpion
   205 | D        | Reached skill level 8 in Stealth
   205 | D        | Reached skill level 5 in Spellcasting
   205 | D        | Reached skill level 5 in Hexes
   205 | D        | Reached skill level 1 in Ice Magic
   205 | D        | Reached XP level 4. HP: 21/21 MP: 3/12
   210 | D        | Learned a level 3 spell: Dazzling Spray
   286 | D        | Killed a white draconian scorcher
   296 | D        | Gained mutation: Your system is resistant to poisons. [potion of mutation]
   296 | D        | Gained mutation: You are partially covered in iridescent scales (AC +4). [potion of mutation]
   296 | D        | Gained mutation: Your spells are a little easier to cast, but a little less powerful. [potion of mutation]
   297 | D        | Gained mutation: You can translocate small distances at will. [potion of mutation]
   297 | D        | Gained mutation: You have an increased reservoir of magic (+10% MP). [potion of mutation]
   297 | D        | Gained mutation: You can spit weak poison. [potion of mutation]
   298 | D        | Lost mutation: You have an increased reservoir of magic (+10% MP). [potion of mutation]
   314 | D        | Killed a white draconian scorcher
   332 | D        | Noticed a water elemental
   335 | D        | Killed a water elemental
   335 | D        | Reached skill level 9 in Stealth
   335 | D        | Reached XP level 5. HP: 24/24 MP: 12/14
   344 | D        | Noticed a jelly
   345 | D        | Noticed a shadow
   377 | D        | Killed a shadow
   377 | D        | Reached skill level 10 in Stealth
   377 | D        | Reached XP level 6. HP: 28/28 MP: 1/17
   554 | D        | Killed a jelly
   562 | D        | Found a stormy altar of Qazlal.
   563 | D        | Found a sacrificial altar of Ru.
   563 | D        | Found a burning altar of Makhleb.
   563 | D        | Found a viscous altar of Jiyva.
   563 | D        | Found a shimmering altar of Xom.
   563 | D        | Found a shadowy altar of Dithmenos.
   563 | D        | Found a sparkling altar of Nemelex Xobeh.
   563 | D        | Found a corrupted altar of Lugonu.
   563 | D        | Found an opulent altar of Gozag.
   563 | D        | Noticed a spatial vortex
   567 | D        | Became a worshipper of Dithmenos the Shadowed
   585 | D        | Killed a spatial vortex
   585 | D        | Reached skill level 5 in Short Blades
   585 | D        | Reached skill level 11 in Stealth
   585 | D        | Reached skill level 1 in Invocations
   699 | D        | Found a radiant altar of Vehumet.
   700 | D        | Found a deep blue altar of Sif Muna.
   700 | D        | Found an ancient bone altar of Kikubaaqudgha.
   700 | D        | Noticed a wizard
   701 | D        | Killed a wizard
   703 | D        | Reached skill level 10 in Dodging
   715 | D        | Learned a level 3 spell: Recall
   720 | D        | Learned a level 4 spell: Animate Dead
   728 | D        | Found a glowing silver altar of Zin.
   729 | D        | Found a glowing golden altar of the Shining One.
   729 | D        | Found a white marble altar of Elyvilon.
   729 | D        | Noticed a deep elf priest
   731 | D        | Killed a deep elf priest
   731 | D        | Reached skill level 1 in Summonings
   731 | D        | Reached skill level 1 in Necromancy
   731 | D        | Reached XP level 7. HP: 32/32 MP: 18/20
   742 | D        | Found an iron altar of Okawaru.
   743 | D        | Found a bloodstained altar of Trog.
   743 | D        | Noticed a human
   743 | D        | Noticed a human
   745 | D        | Killed a human
   745 | D        | Reached skill level 12 in Stealth
   746 | D        | Killed a human
   762 | D        | Learned a level 4 spell: Control Undead
   768 | D        | Found a basalt altar of Yredelemnul.
   768 | D        | Found a snail-covered altar of Cheibriados.
   768 | D        | Found a blossoming altar of Fedhas.
   768 | D        | Noticed a necrophage
   768 | D        | Noticed a necromancer
   770 | D        | Killed a necrophage
   770 | D        | Acquired Dithmenos's first power
   770 | D        | Reached XP level 8. HP: 36/36 MP: 20/22
   771 | D        | Killed a necromancer
   790 | D        | Noticed a two-headed ogre
   790 | D        | Noticed a two-headed ogre
   794 | D        | Killed a two-headed ogre
   796 | D        | Killed a two-headed ogre
   796 | D        | Acquired Dithmenos's second power
   798 | D        | Noticed a two-headed ogre
   799 | D        | Killed a two-headed ogre
   804 | D        | Noticed a hill giant
   811 | D        | Killed a hill giant
   811 | D        | Reached skill level 13 in Stealth
   811 | D        | Reached skill level 10 in Spellcasting
   863 | D        | Noticed a hill giant
   863 | D        | Noticed Erolcha
   869 | D        | Killed Erolcha
   869 | D        | Reached skill level 5 in Translocations
   869 | D        | Reached XP level 9. HP: 39/39 MP: 13/24
   871 | D        | Killed a hill giant
   871 | D        | Acquired Dithmenos's third power
   872 | D        | Noticed a redback
  1011 | D        | Learned a level 5 spell: Cigotuvi's Embrace
  1014 | D        | Noticed a trapdoor spider
  1015 | D        | Noticed a trapdoor spider
  1022 | D        | Killed a trapdoor spider
  1022 | D        | Reached skill level 14 in Stealth
  1028 | D        | Killed a redback
  1225 | D        | Killed Nessos
  1254 | D        | Killed a trapdoor spider
  1254 | D        | Reached skill level 5 in Ice Magic
  1340 | D        | Noticed a killer bee
  1340 | D        | Noticed a killer bee
  1340 | D        | Noticed a killer bee
  1340 | D        | Noticed a killer bee
  1340 | D        | Noticed a killer bee
  1340 | D        | Noticed a killer bee
  1340 | D        | Noticed a killer bee
  1340 | D        | Noticed a killer bee
  1340 | D        | Noticed a killer bee
  1340 | D        | Noticed a killer bee
  1340 | D        | Noticed a killer bee
  1340 | D        | Noticed a killer bee
  1340 | D        | Noticed a killer bee
  1340 | D        | Noticed a killer bee
  1340 | D        | Noticed a killer bee
  1341 | D        | Noticed a killer bee
  1341 | D        | Noticed a killer bee
  1341 | D        | Noticed a killer bee
  1341 | D        | Noticed a killer bee
  1341 | D        | Noticed a killer bee
  1341 | D        | Noticed a killer bee
  1341 | D        | Noticed a killer bee
  1341 | D        | Noticed a killer bee
  1341 | D        | Noticed a killer bee
  1341 | D        | Noticed a killer bee
  1341 | D        | Noticed a killer bee
  1341 | D        | Noticed a killer bee
  1341 | D        | Noticed a killer bee
  1341 | D        | Noticed a killer bee
  1341 | D        | Noticed a killer bee
  1341 | D        | Noticed a killer bee
  1341 | D        | Noticed a killer bee
  1341 | D        | Noticed a queen bee
  1344 | D        | Killed a killer bee
  1346 | D        | Killed a killer bee
  1348 | D        | Killed a killer bee
  1350 | D        | Killed a killer bee
  1350 | D        | Acquired Dithmenos's fourth power
  1352 | D        | Killed a killer bee
  1356 | D        | Killed a killer bee
  1362 | D        | Killed a killer bee
  1365 | D        | Killed a killer bee
  1367 | D        | Killed a killer bee
  1530 | D        | Killed a killer bee
  1534 | D        | Killed a killer bee
  1536 | D        | Killed a killer bee
  1538 | D        | Killed a killer bee
  1566 | D        | Killed a killer bee
  1573 | D        | Killed a killer bee
  1661 | D        | Killed a killer bee
  1663 | D        | Killed a killer bee
  1665 | D        | Killed a killer bee
  1669 | D        | Killed a killer bee
  1671 | D        | Killed a killer bee
  1806 | D        | Killed a killer bee
  1811 | D        | Killed a killer bee
  1811 | D        | Reached skill level 15 in Stealth
  1823 | D        | Killed a killer bee
  1827 | D        | Killed a killer bee
  1830 | D        | Killed a killer bee
  1833 | D        | Killed a killer bee
  1833 | D        | Reached XP level 10. HP: 44/44 MP: 9/27
  1836 | D        | Killed a killer bee
  1838 | D        | Killed a killer bee
  1840 | D        | Killed a killer bee
  2147 | D        | Killed a killer bee
  2151 | D        | Killed a killer bee
  2167 | D        | Killed a killer bee
  2170 | D        | Killed a queen bee
  2260 | D        | Noticed a wandering mushroom
  2453 | D        | Killed a wandering mushroom
  2657 | D        | Noticed a wandering mushroom
  2659 | D        | Noticed a wandering mushroom
  2663 | D        | Killed a wandering mushroom
  2668 | D        | Killed a wandering mushroom
  2760 | D        | Noticed a spiny frog
  2760 | D        | Noticed a komodo dragon
  2760 | D        | Noticed a spiny frog
  2764 | D        | Killed a komodo dragon
  2766 | D        | Killed a spiny frog
  2768 | D        | Killed a spiny frog
  2768 | D        | Reached skill level 16 in Stealth
  2768 | D        | Reached skill level 5 in Conjurations
  2768 | D        | Reached skill level 5 in Necromancy
  2801 | D        | Learned a level 6 spell: Simulacrum
  2804 | D        | Noticed a redback
  2806 | D        | Killed a redback
  2807 | D        | Noticed a brain worm
  2810 | D        | Killed a brain worm
  2816 | D        | Noticed a brain worm
  2818 | D        | Killed a brain worm
  2822 | D        | Noticed a lindwurm
  2824 | D        | Noticed a redback
  2825 | D        | Killed a lindwurm
  2827 | D        | Killed a redback
  2827 | D        | Reached skill level 15 in Dodging
  2833 | D        | Noticed a redback
  2834 | D        | Killed a redback
  2835 | D        | Noticed Maud
  2837 | D        | Killed Maud
  2837 | D        | Reached skill level 10 in Hexes
  2837 | D        | Reached skill level 5 in Summonings
  2837 | D        | Reached XP level 11. HP: 47/47 MP: 15/29
  2840 | D        | Noticed an electric eel
  2841 | D        | Noticed a five-headed hydra
  2841 | D        | Noticed a seven-headed hydra
  2843 | D        | Killed an electric eel
  2845 | D        | Killed a five-headed hydra
  2845 | D        | Reached skill level 17 in Stealth
  2846 | D        | Killed a seven-headed hydra
  2855 | D        | Noticed a death drake
  2858 | D        | Killed a death drake
  2986 | D        | Noticed an ice dragon
  3008 | D        | Killed an ice dragon
  3018 | D        | Found Matoxiak's Food Emporium.
  3018 | D        | Found Equtamp's Book Shop.
  3021 | D        | Found Tooc's Antique Weapon Shoppe.
  3085 | D        | Your ally Maud died
  3154 | D        | Found a blossoming altar of Fedhas.
  3154 | D        | Noticed a spriggan
  3154 | D        | Noticed a spriggan druid
  3154 | D        | Noticed a spriggan
  3156 | D        | Killed a spriggan druid
  3157 | D        | Killed a spriggan
  3158 | D        | Killed a spriggan
  3209 | D        | Noticed a swamp drake
  3209 | D        | Noticed a fire drake
  3210 | D        | Killed a fire drake
  3210 | D        | Reached skill level 10 in Translocations
  3212 | D        | Killed a swamp drake
  3219 | D        | Noticed a blink frog
  3219 | D        | Noticed a blink frog
  3219 | D        | Noticed a blink frog
  3220 | D        | Noticed a blink frog
  3220 | D        | Noticed a blink frog
  3224 | D        | Killed a blink frog
  3227 | D        | Killed a blink frog
  3229 | D        | Killed a blink frog
  3231 | D        | Killed a blink frog
  3231 | D        | Reached skill level 18 in Stealth
  3241 | D        | Killed a blink frog
  3367 | D        | Noticed Rupert
  3369 | D        | Killed Rupert
  3533 | D        | Noticed a death yak
  3534 | D        | Noticed a death yak
  3534 | D        | Noticed a blink frog
  3535 | D        | Noticed an azure jelly
  3535 | D        | Noticed a death yak
  3535 | D        | Noticed an azure jelly
  3535 | D        | Noticed a blink frog
  3535 | D        | Noticed a death yak
  3536 | D        | Killed a death yak
  3537 | D        | Killed a blink frog
  3537 | D        | Reached skill level 15 in Spellcasting
  3537 | D        | Reached XP level 12. HP: 51/51 MP: 26/32
  3538 | D        | Killed a death yak
  3538 | D        | Reached skill level 10 in Short Blades
  3539 | D        | Noticed a blink frog
  3539 | D        | Noticed a black mamba
  3540 | D        | Killed a death yak
  3541 | D        | Noticed a black mamba
  3542 | D        | Killed a death yak
  3542 | D        | Reached skill level 19 in Stealth
  3543 | D        | Killed a blink frog
  3544 | D        | Killed a blink frog
  3546 | D        | Killed a black mamba
  3547 | D        | Killed a black mamba
  3592 | D        | Noticed a water moccasin
  3592 | D        | Noticed an anaconda
  3592 | D        | Noticed a water moccasin
  3593 | D        | Noticed a water moccasin
  3593 | D        | Noticed an anaconda
  3593 | D        | Noticed an anaconda
  3594 | D        | Killed an anaconda
  3595 | D        | Killed a water moccasin
  3625 | D        | Killed an anaconda
  3634 | D        | Killed an anaconda
  3648 | D        | Killed a water moccasin
  3651 | D        | Killed a water moccasin
  3853 | D        | Learned a level 6 spell: Death Channel
  3858 | D        | Noticed a black mamba
  3858 | D        | Noticed an anaconda
  3859 | D        | Killed a black mamba
  3872 | D        | Killed an anaconda
  3877 | D        | Noticed a black mamba
  3882 | D        | Killed a black mamba
  3955 | D        | Noticed a black mamba
  3955 | D        | Noticed a water moccasin
  3955 | D        | Noticed a water moccasin
  3959 | D        | Killed a black mamba
  3960 | D        | Killed a water moccasin
  3961 | D        | Killed a water moccasin
  3969 | D        | Noticed a naga
  3969 | D        | Noticed a naga
  3970 | D        | Noticed a naga warrior
  3970 | D        | Noticed a greater naga
  3970 | D        | Found Muexzis's Distillery.
  3970 | D        | Found Gacw's Book Emporium.
  3971 | D        | Killed a naga
  3972 | D        | Killed a naga
  3973 | D        | Found Basufam's Antique Armour Shop.
  3974 | D        | Killed a naga warrior
  3983 | D        | Killed a greater naga
  3983 | D        | Reached skill level 20 in Stealth
  3999 | D        | Noticed a guardian serpent
  4011 | D        | Killed a guardian serpent
  4020 | D        | Got a serpentine rune of Zot
  4178 | D        | Noticed an azure jelly
  4178 | D        | Noticed an azure jelly
  4212 | D        | Killed an azure jelly
  4229 | D        | Mangled by an azure jelly

Vault maps used:
D:        dungeon_sprint_mu

Action                   |  1- 3 |  4- 6 |  7- 9 | 10-12 || total
-------------------------+-------+-------+-------+-------++-------
Melee: Dagger            |    13 |    19 |    81 |   211 ||   324
 Cast: Ensorcelled Hiber |     4 |       |    62 |    31 ||    97
       Corona            |     1 |       |       |     1 ||     2
       Dazzling Spray    |       |    10 |     4 |    38 ||    52
       Confuse           |       |       |     3 |       ||     3
       Animate Dead      |       |       |       |     6 ||     6
       Cigotuvi's Embrac |       |       |       |     7 ||     7
       Tukima's Dance    |       |       |       |     1 ||     1
       Death Channel     |       |       |       |     1 ||     1
Invok: Shadow Step       |       |       |     1 |    13 ||    14
  Use: Potion            |       |     4 |       |       ||     4
       Scroll            |       |     3 |       |       ||     3
 Stab: Sleeping          |     5 |     5 |    35 |    49 ||    94
       Invisible         |       |       |     1 |     6 ||     7
       Confused          |       |       |     2 |       ||     2
  Eat: Bread ration      |       |       |       |     1 ||     1
